cohdb
Replays
Latest Replays
All Replays
Popular Replays
Top Player Replays
Match Explorer
How It Works
Community
CoH3 Stats
Reddit
Sign in to upload your games and track your stats! →
Sign in with Steam
Match 39538147
Unlisted
Match 39538147
Overview
Messages
Build Orders
End
Panzergrenadier Squad
Selects Battlefield Espionage Battlegroup
250 Light Carrier
Forward Retreat Point
Construct Light Support Kompanie
Selects Intel Disruption Beacon
2.5-tonne Medical Truck
MG34 Team
Selects Transfer Depots
Fire Support Elements
Assault Mechanized Group
Selects 250/3 Funkpanzerwagen
Selects 250/3 Funkpanzerwagen
Flakvierling Half-track
Panzergrenadier Squad
Veteran Squad Leaders
Forward Retreat Point
Construct Panzerarmee Kommand
le.IG 18 Mechanized Group
Selects Anti-Tank Incendiary Munitions
Selects Advanced Ambush Training
Walking Stuka Rocket Launcher
Flak 36 Anti-tank Gun Team
Skruff [D45b]
Major Egon [A12a]
Blondasekone
Captain Munumon
(KBN) stivdm.PL.
N0rdiC.
SneaKerz
gb_gbg
0
0
Comments
sign in to comment!
No comments posted yet!